cohdb
Replays
Latest Replays
All Replays
Popular Replays
Top Player Replays
Match Explorer
How It Works
Community
CoH3 Stats
Reddit
Sign in to upload your games and track your stats! →
Sign in with Steam
Match 28502808
Unlisted
Match 28502808
Overview
Messages
Build Orders
End
Construct Infanterie Kompanie
Selects Breakthrough Battlegroup
Selects Assault Grenadiers
Kettenkrad Recon Vehicle
Grenadier Squad
Grenadier Squad
GrW 34 Mortar Team
Infanterie Officer Quarters
Grenadier Squad
Grenadier Squad
Construct Luftwaffe Kompanie
Medical Station
Selects Smoke Bombing Run
Selects Incendiary Bombing Run
Jäger Squad
Luftwaffe Officer Quarters
Support Elements
Marder III M Tank Destroyer
Pioneer Squad
Construct Panzergrenadier Kompanie
Selects 2.5-tonne Cargo Truck
Selects Rapid Production
Selects Blitzkrieg
Nebelwerfer 42 Rocket Launcher Team
Incendiary Bombing Run
Selects Panzer IV Command Tank Sd.Kfz. 161/1
corvet
Sawyerz
Foltar
The Magos
markusbrody
Friendly Mouse(Poxie)
gameing
萬古-Aeon
0
0
Comments
sign in to comment!
No comments posted yet!